[Event "Budapest IM-B ONE WEEK Feb 2024"]
[Site "Budapest"]
[Date "2024.02.26"]
[Round "1.1"]
[White "Polyik, Peter"]
[Black "Skytte, Rasmus"]
[Result "0-1"]
[ECO "B40"]
[WhiteElo "2289"]
[BlackElo "2342"]
[Annotator "TA"]
[PlyCount "66"]
[EventDate "2024.02.25"]
[EventType "tourn"]
[EventCountry "HUN"]
[SourceTitle "playchess.com"]
[Source "ChessBase"]
[SourceQuality "1"]
[TimeControl "5400+30"]

1. e4 c5 2. Nf3 e6 3. b3 Nc6 4. Bb2 a6 5. c4 Qc7 6. g3 Nf6 7. e5 Ng4 8. Bg2 {[%emt 0:01:34] The position is equal.} Ngxe5 9. Nxe5 Nxe5 10. O-O $1 d6 11. d4 cxd4 12. Qxd4 Bd7 13. Nc3 Bc6 {[%emt 0:07:07] [#]} 14. Nd5 exd5 $15 15. cxd5 {[%emt 0:01:34][%cal Oa1c1] Hoping for Rac1!} Bb5 16. Rfc1 Qd8 {[%emt 0:05:34] Threatens to win with ...f6.} 17. a4 (17. f4 $1 $15 f6 (17... Nd3 18. Re1+ Be7 19. Qxg7 $16) 18. a4 (18. fxe5 dxe5 19. Qe3 Bd6 $15)) 17... Bd7 $17 18. f4 {[%emt 0:01:12] [#] Dodges f6} f6 19. fxe5 (19. Qe3 Be7) 19... dxe5 20. Qd3 (20. Qe3 $142) 20... Qb6+ ({Black should try} 20... Bd6 21. Be4 Kf7) 21. Kh1 Bd6 22. Be4 Ke7 (22... Rc8 {simplifies} 23. Rxc8+ Bxc8 24. Rc1 Bd7) 23. Rf1 g6 24. a5 Qb5 25. Qf3 {[%emt 0:00:45] [#]} Rhf8 26. g4 (26. Bd3 $17 {keeps fighting.} Qc5 (26... Qxb3 27. Rfb1 $14) 27. Bc4) 26... Rac8 $19 {[%emt 0:05:13] Active counter play!} 27. Qg3 $2 (27. Rfe1) 27... Qb4 $2 (27... Qe2 $19 28. Qg2 Qxg2+ (28... Qxg4 $2 29. Qxg4 Bxg4 30. Bd3 $19) (28... Bxg4 29. Rf2 $14) 29. Bxg2 Bxg4 (29... Rc2 $2 30. Bc1 $19)) 28. Rae1 (28. Rfe1 $17 {was necessary.}) 28... Qd2 ({Weaker is} 28... Qxa5 29. g5 Qb4 30. Bg2 $15) 29. Bc1 {[%emt 0:00:15] [#]} Qd4 {[%emt 0:00:12][%cal Oc8c1] White must now prevent ...Rxc1!} 30. Qh4 $2 {[%emt 0:00:31] [#]} (30. Qf3) 30... Rxc1 $1 {[%emt 0:00:33][%mdl 512] Black is clearly winning.} 31. Rxc1 (31. Rg1 Rxe1) 31... Qxe4+ 32. Kg1 Qxg4+ 33. Qg3 Qd4+ {[%emt 0:01:40] Weighted Error Value: White=0.73/Black=0.31.  Missed win:     	---       	Black=1      Mistake:       	White=7     	Black=2      Inaccurate:     	White=1     	---        OK:         	White=4     	Black=8      Best:        	White=2     	Black=2      Strong:       	White=1     	---        Brilliant:      	---       	Black=1} 0-1

[Event "Budapest IM-B ONE WEEK Feb 2024"]
[Site "Budapest"]
[Date "2024.02.26"]
[Round "1.2"]
[White "Golis, Wiktor"]
[Black "Haszon, David"]
[Result "1-0"]
[ECO "B30"]
[WhiteElo "2123"]
[BlackElo "2245"]
[Annotator "TA"]
[PlyCount "79"]
[EventDate "2024.02.25"]
[EventType "tourn"]
[EventCountry "HUN"]
[SourceTitle "playchess.com"]
[Source "ChessBase"]
[SourceQuality "1"]
[TimeControl "5400+30"]

1. e4 c5 2. Nf3 Nc6 3. Bb5 Qb6 4. Nc3 e6 5. Bxc6 Qxc6 6. O-O a6 7. d4 cxd4 8. Nxd4 Qc4 (8... Qc7 $14) 9. Bg5 (9. Re1 $16) 9... f6 (9... h6 $11 10. Bh4 b5) 10. Be3 $16 b5 {[%emt 0:09:59] White is better.} 11. a3 Bb7 12. Qd2 Ne7 13. Rad1 {[%emt 0:05:57][%cal Od4b5] Black must now prevent Ndxb5!} Rd8 14. f4 Qc8 (14... Nc8 $1 $14) 15. Qe2 Nc6 ({Better is} 15... Kf7) 16. Qh5+ g6 17. Qh4 Bg7 18. f5 O-O 19. Nxc6 Qxc6 {[%emt 0:01:31] Black is weak on the dark squares} 20. fxg6 hxg6 {[%emt 0:00:14] [#]} 21. Qg3 $1 Kf7 (21... g5 $16 {is a better defense.}) 22. Rd6 Qc7 (22... Qc8 {was called for.} 23. Bd4 Qb8) 23. Rfd1 (23. Bb6 Qc8 24. Rfd1 Bc6) (23. e5 $18 {exf6 is the strong threat.} f5 24. Bb6) 23... Bc6 {[%emt 0:00:41] [#]} 24. e5 $1 fxe5 25. R6d2 {[%emt 0:00:38] White is much more active.} (25. Qh4 $16 {Threatens to win with Qh7.} Kg8 26. Ne4 Bxe4 27. Qxe4) 25... d5 $11 26. Bc5 $36 {[%emt 0:00:20][%mdl 2048] White has some pressure.} d4 $2 {[%emt 0:02:12][%mdl 8192] Black cannot hold the game after this.} 27. Rf1+ Bf6 28. Rdf2 (28. Rxf6+ Kxf6 29. Bxf8 (29. Bxd4 Rxd4 30. Rxd4 Qa7 $11) 29... Rxf8 $11) 28... Kg7 29. Ne2 Rf7 {[%emt 0:01:18] [#]} 30. Bxd4 $1 Be4 $2 {[%emt 0:03:07] [#]} (30... exd4 $2 31. Rxf6 Qxg3 32. Rxf7+ Kg8 33. Nxg3 $18) (30... Rd5 31. h4 Rxd4) 31. Rxf6 $1 $18 Rxf6 32. Qxe5 Qxe5 (32... Qxc2 33. Qxf6+ Kh7 34. Qg7#) 33. Bxe5 Bf5 34. g4 (34. Bxf6+ Kxf6 35. g4 Rd2) (34. Nd4 Rd5 35. Nxe6+ (35. Bxf6+ Kxf6 36. c3 e5 $11) 35... Bxe6 $18) 34... Rd2 35. Nd4 (35. Bxf6+ Kxf6 36. Nc3 Rxc2 37. gxf5 exf5 38. Nd5+ Ke6 $18) ({Not} 35. gxf5 Rxe2 36. Bxf6+ Kxf6 $14) 35... Kf7 36. g5 ({But not} 36. gxf5 gxf5 37. Bxf6 Kxf6 $18) (36. Bxf6 Kxf6 37. Nb3 Rxc2 38. gxf5 gxf5 $16) 36... Rxd4 (36... Rg2+ 37. Kxg2 Bh3+ 38. Kxh3 Rxf1) 37. Bxd4 {[%emt 0:00:04] White is clearly winning.} e5 38. gxf6 {[%emt 0:00:05][%cal Of1f5] Rxf5! would now be deadly.} (38. Bxe5 Re6 39. Bf6 Bxc2 $11) 38... exd4 39. Rd1 Kxf6 40. Rxd4 {Weighted Error Value: White=0.30/Black=0.55.  Loses game:     	---       	Black=1      Mistake:       	White=3     	Black=7      Inaccurate:     	White=2     	Black=2      OK:         	White=7     	Black=8      Best:        	White=1     	Black=2      Strong:       	White=2     	---        Brilliant:      	White=1     	---} 1-0

[Event "Budapest IM-B ONE WEEK Feb 2024"]
[Site "Budapest"]
[Date "2024.02.26"]
[Round "1.3"]
[White "Mouhamad, Joachim"]
[Black "Matyassy, Lazar"]
[Result "1-0"]
[ECO "C67"]
[WhiteElo "2316"]
[BlackElo "2176"]
[Annotator "TA"]
[PlyCount "117"]
[EventDate "2024.02.25"]
[EventType "tourn"]
[EventCountry "HUN"]
[SourceTitle "playchess.com"]
[Source "ChessBase"]
[SourceQuality "1"]
[TimeControl "5400+30"]

1. e4 e5 2. Nf3 Nc6 3. Bb5 Nf6 4. O-O Nxe4 5. Re1 Nd6 6. Nxe5 Be7 7. Bf1 Nxe5 8. Rxe5 O-O 9. d4 Bf6 10. Re2 Nf5 11. c3 d5 {[%emt 0:01:15] The position is equal.} 12. Nd2 Nd6 13. h3 {[%emt 0:00:46] Repels Bg4} Bg5 14. Nf3 Bxc1 15. Qxc1 Bf5 16. Re1 Be4 17. Qf4 Bxf3 18. Qxf3 c6 19. Qf4 Qd7 20. Bd3 Rae8 21. Kf1 Rxe1+ 22. Rxe1 Qd8 23. h4 Re8 24. Re5 h6 25. g3 a6 26. Kg2 Re7 27. Qe3 Kf8 28. g4 Re8 29. Kg3 Qb6 30. Qe2 Qc7 {[%emt 0:03:58][%cal Od6c4] [#] Threatens to win with ...Nc4!} 31. Kg2 Qd8 32. g5 hxg5 33. hxg5 {[%emt 0:00:02] And now Qh5 would win.} Rxe5 34. Qxe5 $11 {[%emt 0:00:12][%mdl 4096] Endgame. KQB-KQN} Qe7 35. Qf4 Ke8 36. b3 f6 37. gxf6 Qxf6 38. Qg4 (38. Qxf6 {simplifies} gxf6 39. c4 dxc4 40. bxc4 b5 41. c5) 38... Kd8 39. c4 dxc4 40. bxc4 Ke7 41. a4 Kd8 42. Kg3 Nc8 43. Qf4 Qxf4+ (43... a5 $11 {remains equal.}) 44. Kxf4 {[%emt 0:00:01] KB-KN} Nb6 45. a5 Na4 46. Ke5 c5 $2 {[%emt 0:00:30][%mdl 8192] This costs Black the game.} (46... Ke7 $14) 47. Bc2 $18 b5 48. cxb5 axb5 49. dxc5 Nxc5 50. Kd5 Nd7 51. Kc6 {[%emt 0:00:23][%cal Oa5a6] [#] White wants to mate with a6!} b4 52. a6 {[%emt 0:00:26] White mates.} Nb8+ 53. Kb7 Nxa6 54. Kxa6 {[%emt 0:00:02] KB-KPP} Ke7 55. Kb5 Ke6 56. Kxb4 Ke5 57. Kc3 Kf4 58. Bd1 g5 59. f3 {[%emt 0:00:36] Weighted Error Value: White=0.04 (flawless) /Black=0.20 (precise) .  Loses game:     	---       	Black=1      Mistake:       	---       	Black=1      Inaccurate:     	---       	Black=1      OK:         	White=9     	Black=15} 1-0

[Event "Budapest IM-B ONE WEEK Feb 2024"]
[Site "Budapest"]
[Date "2024.02.26"]
[Round "1.4"]
[White "Velikic, Adela"]
[Black "Nemeth, Zoltan"]
[Result "1-0"]
[ECO "D43"]
[WhiteElo "2266"]
[BlackElo "2194"]
[Annotator "TA"]
[PlyCount "90"]
[EventDate "2024.02.25"]
[EventType "tourn"]
[EventCountry "HUN"]
[SourceTitle "playchess.com"]
[Source "ChessBase"]
[SourceQuality "1"]
[TimeControl "5400+30"]

1. d4 d5 2. c4 c6 3. Nf3 e6 4. Nc3 Nf6 5. Bg5 h6 6. Bxf6 Qxf6 7. Qb3 Nd7 8. e4 dxe4 9. Nxe4 Qf4 10. Bd3 Be7 11. O-O O-O 12. Rfe1 b6 13. Rad1 {[%emt 0:10:43] White has an edge.} Bb7 14. Bb1 Rfd8 15. Ng3 Qc7 16. a3 (16. Nh5 $5) 16... Nf8 17. Ne5 (17. Nh5 $5) 17... Bd6 18. Nh5 c5 (18... Bxe5 $11 19. dxe5 Rxd1 20. Qxd1 Qe7) 19. Qg3 $16 {[%emt 0:01:32][%csl Gh5][%cal Rg3g7] White is much more active.} f5 20. d5 Bxe5 21. Qxe5 ({White has to play} 21. Rxe5 $16 Qf7 22. Nf4) 21... Qxe5 $11 22. Rxe5 g6 $132 {[%emt 0:02:09][%mdl 2048] Black is not holding back} 23. Nf4 exd5 24. cxd5 Re8 {[%emt 0:01:58] Wards off Re7} 25. Rde1 Rxe5 26. Rxe5 {[%emt 0:00:02] Hoping for Ba2.} Kf7 $1 27. d6 {[%emt 0:01:39] Threatens to win with Re7+.} Kf6 28. Re7 Bc6 {[%emt 0:00:45] White must now prevent ...Rd8.} 29. Ba2 $1 {[%emt 0:03:43] Rf7+ would now be deadly.} Rd8 30. Rf7+ (30. Rxa7 $2 Rxd6 31. h4 Ke5 $19) (30. Ne2 $11 {remains equal.}) 30... Ke5 $17 31. Nd3+ (31. Rxf8 $2 Rxd6 32. Nxg6+ Rxg6 $19) 31... Kxd6 32. f4 {[%emt 0:00:25][%cal Og1f2] [#]} Bd5 $1 33. Bxd5 Kxd5 {[%emt 0:00:06][%mdl 4096] Endgame. KRN-KRN} 34. Ne5 g5 35. Nf3 Ke6 ({Black should play} 35... Ne6 $17 36. Rxf5+ Kc4 37. fxg5 Nxg5) 36. Rxa7 $15 gxf4 37. Kf2 Rd3 {[%emt 0:00:40] Strongly threatening ...Rb3.} 38. Ra8 {[%emt 0:00:23] [#]} Ke7 (38... Nd7 $1 $17 39. b4 c4) 39. b4 $11 cxb4 40. axb4 {[%emt 0:00:03] The position is equal.} Rb3 41. Ne5 (41. Nd4 $5 Rb2+ $8 42. Kf1 $11) 41... Ne6 (41... Rxb4 $2 {perishes.} 42. Nc6+ Kd6 43. Nxb4 $18) 42. Rb8 Rb2+ (42... Rxb4 $2 43. Nc6+ Kd6 44. Nxb4 $18) 43. Kf1 Rb1+ (43... Rxb4 $2 44. Nc6+ Kf6 45. Nxb4 $18) 44. Kf2 Rb2+ (44... Rxb4 $2 {too greedy.} 45. Nc6+ Kd6 46. Nxb4 $18) 45. Kf1 Rb1+ {[%emt 0:01:37][%mdl 32768] Weighted Error Value: White=0.16 (very precise) /Black=0.13 (very precise) .  Mistake:       	White=2     	Black=3      Inaccurate:     	White=4     	Black=1      OK:         	White=15    	Black=11     Best:        	White=3     	Black=2      Strong:       	White=1     	Black=2     . Loss on time!?} (45... Rxb4 $2 {is the wrong capture.} 46. Nc6+ Kf6 47. Nxb4 $18) 1-0

[Event "Budapest IM-B ONE WEEK Feb 2024"]
[Site "Budapest"]
[Date "2024.02.26"]
[Round "1.5"]
[White "Krizsany, Laszlo"]
[Black "Poysti, Nathanael"]
[Result "1-0"]
[ECO "D41"]
[WhiteElo "2346"]
[BlackElo "2163"]
[Annotator "TA"]
[PlyCount "63"]
[EventDate "2024.02.25"]
[EventType "tourn"]
[EventCountry "HUN"]
[SourceTitle "playchess.com"]
[Source "ChessBase"]
[SourceQuality "1"]
[TimeControl "5400+30"]

1. d4 Nf6 2. c4 e6 3. Nf3 d5 4. Nc3 c5 5. cxd5 Nxd5 6. e4 Nxc3 7. bxc3 cxd4 8. cxd4 Bb4+ 9. Bd2 Bxd2+ 10. Qxd2 O-O 11. Rc1 b6 12. Bd3 Bb7 13. O-O Nd7 {[%emt 0:00:28][%cal Bb8d7,Bd7f6,Bf6d5][%mdl 32] The position is equal.} 14. Qf4 h6 15. h3 Nf6 16. e5 Qb8 (16... Nh5 $11 17. Qg4 Bxf3 18. Qxf3 Qxd4) 17. Nh2 Nd5 18. Qe4 g6 19. Qh4 Kg7 (19... h5 $11) 20. Ng4 $36 {[%emt 0:00:50][%mdl 2048] White has strong initiative.} Rh8 21. Nf6 {[%emt 0:02:09] Strongly threatening Nxd5.} Qd8 22. Be4 {[%emt 0:00:31] White has more active pieces.} Rb8 23. Bxd5 Bxd5 24. a3 Rb7 25. Qf4 b5 26. Rc5 Bc4 (26... a5 $16) 27. Re1 Qe7 28. Re3 {[%emt 0:02:46] Black is weak on the dark squares} Rd8 $2 {[%emt 0:01:20] Black cannot hold the game after this.} (28... Rc7 $16 {was worth a try.} 29. Rxc7 Qxc7) 29. h4 $18 {[%emt 0:02:43] Hoping for h5.} Rc7 $2 (29... Rh8 30. h5 Rc7 31. hxg6 fxg6 32. Nh5+ Kh7 33. Rxc7 Qxc7) 30. Ng4 {[%emt 0:02:19] White is clearly winning.} Rh8 31. Qf6+ Kh7 {[%emt 0:03:36] [#]} 32. h5 $1 {[%emt 0:01:01][%mdl 512] Weighted Error Value: White=0.06 (flawless) /Black=0.30.  Loses game:     	---       	Black=1      Mistake:       	---       	Black=4      Inaccurate:     	White=1     	Black=1      OK:         	White=9     	Black=9      Best:        	White=3     	---} 1-0

[Event "Budapest IM-B ONE WEEK Feb 2024"]
[Site "Budapest"]
[Date "2024.02.27"]
[Round "2.1"]
[White "Skytte, Rasmus"]
[Black "Poysti, Nathanael"]
[Result "1/2-1/2"]
[ECO "D50"]
[WhiteElo "2342"]
[BlackElo "2163"]
[Annotator "TA"]
[PlyCount "120"]
[EventDate "2024.02.25"]
[EventType "tourn"]
[EventCountry "HUN"]
[SourceTitle "playchess.com"]
[Source "ChessBase"]
[SourceQuality "1"]
[TimeControl "5400+30"]

1. d4 Nf6 2. c4 e6 3. Nc3 d5 4. Bg5 dxc4 5. e3 c5 6. Bxf6 Qxf6 7. d5 a6 8. Nf3 exd5 9. Nxd5 Qd8 10. a4 Be6 11. Bxc4 Nc6 12. O-O g6 {[%emt 0:01:09] [#]} (12... Nb4 $11 {remains equal.} 13. e4 Be7) 13. Qe2 Bg7 14. Nf4 {[%emt 0:05:01] A dynamic duo of knights.} Bxc4 15. Qxc4 {[%emt 0:00:10][%cal Of1d1] Hoping for Rfd1!} O-O 16. Qxc5 Qa5 17. Qa3 {[%emt 0:05:04] White is more active.} Rac8 18. Rad1 b5 19. axb5 Qxb5 {[%emt 0:01:46] [#]} 20. b3 $1 Rb8 21. h4 a5 22. Rc1 Rfc8 23. Rc4 Ne5 24. Rxc8+ Rxc8 25. Nd4 Qc5 26. Qa4 Nc6 27. Nxc6 Rxc6 28. Rd1 Rd6 {[%emt 0:06:37] Prevents Rd5} 29. Rxd6 Qxd6 30. Qxa5 $16 {[%emt 0:04:08][%mdl 4096] Endgame. Threatens to win with Nd5. KQB-KQN} Qd1+ 31. Kh2 Qxb3 32. Qd8+ Bf8 33. Nd5 Qa3 34. Nf6+ Kg7 {[%emt 0:01:36] And now ...Qd6+ would win.} 35. Ne8+ Kg8 36. Qd4 Qa2 (36... Qc5 $14) 37. Nf6+ Kg7 38. h5 {[%emt 0:01:55][%cal Bh4h5,Bh5h6][%mdl 32] White threatens h6+! and mate.} Qe6 $2 {[%emt 0:02:18][%mdl 8192] [#]} (38... Qa3 $16) 39. h6+ $1 $18 Kh8 (39... Kxh6 40. Ng8+) 40. Nd7+ ({Don't blunder} 40. Qf4 $2 Bd6 $19) 40... Kg8 41. Nf6+ $2 (41. Nxf8 Kxf8 42. Qd8+ Qe8 43. Qxe8+ Kxe8 44. Kg3) 41... Kh8 42. Nd7+ $2 ({Avoid the trap} 42. Qf4 $2 Bd6 43. Nxh7 Bxf4+ $19 (43... Kxh7 $2 44. Kg3 $19)) (42. g4) 42... Kg8 43. Nxf8 Kxf8 {[%emt 0:00:10] KQ-KQ} 44. Qd8+ Qe8 45. Qf6 $2 (45. Qxe8+ $18 Kxe8 46. Kg3) 45... Qe6 $2 (45... Qe4 $16 46. Qd8+ (46. Qh8+ Ke7 $14) 46... Qe8 47. Qxe8+ Kxe8) 46. Qd8+ (46. Qxe6 $142 fxe6 47. Kg3) 46... Qe8 47. Qd4 (47. Qd6+ $18 {is more deadly.} Qe7 48. Qf4) 47... Qe6 $1 $16 48. g3 Ke7 {[%emt 0:00:33] Inhibits Qd8+.} 49. Qb4+ Kf6 50. Qd4+ Ke7 $1 51. Kg1 (51. Qh4+ $16 Kd7 52. Qf4) 51... g5 $1 $11 52. Qc5+ Kf6 53. f4 gxf4 {[%emt 0:06:29] The position is equal.} 54. exf4 Qe1+ 55. Kg2 Qe2+ 56. Kh1 Qe1+ 57. Kh2 Qe2+ 58. Kh3 Qf1+ 59. Kh4 {[%emt 0:01:14] White wants to mate with Qe5+.} Qh1+ 60. Kg4 Qd1+ {[%emt 0:00:03] Blacks defense is rewarded with a draw.   Weighted Error Value: White=0.58/Black=0.20 (precise) .  Loses game:     	---       	Black=2      Mistake:       	White=2     	Black=2      Inaccurate:     	White=3     	Black=4      OK:         	White=15    	Black=15     Best:        	White=2     	Black=5      Strong:       	White=1     	Black=3      Brilliant:      	White=1     	---} 1/2-1/2

[Event "Budapest IM-B ONE WEEK Feb 2024"]
[Site "Budapest"]
[Date "2024.02.27"]
[Round "2.2"]
[White "Nemeth, Zoltan"]
[Black "Krizsany, Laszlo"]
[Result "1/2-1/2"]
[ECO "D35"]
[WhiteElo "2194"]
[BlackElo "2346"]
[Annotator "RC"]
[PlyCount "25"]
[EventDate "2024.02.25"]
[EventType "tourn"]
[EventCountry "HUN"]
[SourceTitle "playchess.com"]
[Source "ChessBase"]
[SourceQuality "1"]
[TimeControl "5400+30"]

1. c4 Nf6 2. Nc3 e6 3. d4 d5 4. cxd5 exd5 5. Bg5 Be7 6. e3 c6 7. Nf3 O-O 8. Bd3 h6 9. Bh4 Nbd7 10. O-O Re8 11. Qc2 Nf8 12. Rac1 Bg4 13. Ne5 1/2-1/2

[Event "Budapest IM-B ONE WEEK Feb 2024"]
[Site "Budapest"]
[Date "2024.02.27"]
[Round "2.3"]
[White "Matyassy, Lazar"]
[Black "Velikic, Adela"]
[Result "0-1"]
[ECO "B33"]
[WhiteElo "2176"]
[BlackElo "2266"]
[Annotator "RC"]
[PlyCount "134"]
[EventDate "2024.02.25"]
[EventType "tourn"]
[EventCountry "HUN"]
[SourceTitle "playchess.com"]
[Source "ChessBase"]
[SourceQuality "1"]
[TimeControl "5400+30"]

1. e4 c5 2. Nc3 Nc6 3. Nge2 Nf6 4. d4 cxd4 5. Nxd4 e5 6. Ndb5 d6 7. Bg5 a6 8. Na3 b5 9. Nd5 Be7 10. Bxf6 Bxf6 11. c3 Bg5 12. Nc2 Rb8 13. g3 O-O 14. h4 Bh6 15. Bg2 a5 16. O-O b4 17. Qe2 bxc3 18. bxc3 Ne7 19. Nce3 Bxe3 20. Nxe3 Qc7 21. Qd2 Be6 22. Rad1 Rfd8 23. f4 exf4 24. gxf4 f6 25. Kh1 Rb5 26. e5 Qb6 27. exd6 Nc8 28. Qd4 Qxd4 29. Rxd4 Rxd6 30. Rfd1 Rxd4 31. Rxd4 Kf7 32. c4 Rb1+ 33. Kh2 Re1 34. Rd3 Ne7 35. Kg3 Rxe3+ 36. Rxe3 Nf5+ 37. Kf2 Nxe3 38. Kxe3 Bxc4 39. a3 Ke6 40. Kd4 Bb3 41. Be4 g6 42. Kc5 Bd1 43. Bd3 a4 44. Kd4 Kf7 45. Kd5 Bb3+ 46. Kd6 h6 47. Be4 Bd1 48. Bd5+ Kg7 49. Bc4 Bc2 50. Bd5 h5 51. Ke7 g5 52. fxg5 fxg5 53. hxg5 h4 54. Bg2 Kg6 55. Ke6 Kxg5 56. Ke5 Kg4 57. Kf6 Bd3 58. Bc6 Bc2 59. Bd7+ Kf4 60. Bc8 Bd1 61. Bh3 Kg3 62. Bf1 Kf4 63. Kg6 Bf3 64. Kf6 Bc6 65. Kg6 Bd7 66. Kh5 Kg3 67. Kg5 h3 0-1

[Event "Budapest IM-B ONE WEEK Feb 2024"]
[Site "Budapest"]
[Date "2024.02.27"]
[Round "2.4"]
[White "Haszon, David"]
[Black "Mouhamad, Joachim"]
[Result "0-1"]
[ECO "D37"]
[WhiteElo "2245"]
[BlackElo "2316"]
[Annotator "RC"]
[PlyCount "144"]
[EventDate "2024.02.25"]
[EventType "tourn"]
[EventCountry "HUN"]
[SourceTitle "playchess.com"]
[Source "ChessBase"]
[SourceQuality "1"]
[TimeControl "5400+30"]

1. d4 d5 2. Nf3 e6 3. c4 Nf6 4. Nc3 a6 5. cxd5 exd5 6. Bg5 Be6 7. Qb3 Ra7 8. e3 c6 9. Bd3 Nbd7 10. O-O Bd6 11. Qc2 h6 12. Bf4 Qc7 13. Bf5 Bxf4 14. Bxe6 Bxh2+ 15. Nxh2 fxe6 16. Qg6+ Kf8 17. e4 Kg8 18. e5 Nf8 19. Qg3 Nh5 20. Qh4 g6 21. Ne2 Ra8 22. f4 Qd8 23. Qh3 Qd7 24. Ng4 Qf7 25. Ng3 Nxg3 26. Nf6+ Kg7 27. Qxg3 Nh7 28. f5 Ng5 29. fxg6 Qxg6 30. Nd7 Rad8 31. Nc5 Rdf8 32. Nd7 Rf7 33. Rf6 Qe4 34. Rxf7+ Kxf7 35. Qf2+ Qf5 36. Qe3 Kg7 37. Rf1 Qe4 38. Qf2 Qg6 39. Qf6+ Qxf6 40. exf6+ Kg8 41. Nc5 Rh7 42. f7+ Rxf7 43. Rxf7 Kxf7 44. Nxb7 Ne4 45. Nd8+ Ke7 46. Nxc6+ Kd6 47. Ne5 h5 48. Nd3 Ng3 49. Nf4 e5 50. dxe5+ Kxe5 51. Nd3+ Kd4 52. Nb4 a5 53. Nc6+ Ke3 54. Nxa5 d4 55. Nc4+ Ke2 56. a4 Ne4 57. a5 d3 58. b4 Nd6 59. Nb2 d2 60. a6 Nc4 61. a7 Nxb2 62. a8=Q d1=Q+ 63. Kh2 Qd6+ 64. g3 Nd3 65. Qe8+ Ne5 66. Qxh5+ Kf2 67. Kh3 Qd7+ 68. g4 Qd3+ 69. Kh4 Qd8+ 70. g5 Qd4+ 71. Kh3 Qd7+ 72. Kh2 Nf3+ 0-1

[Event "Budapest IM-B ONE WEEK Feb 2024"]
[Site "Budapest"]
[Date "2024.02.27"]
[Round "2.5"]
[White "Polyik, Peter"]
[Black "Golis, Wiktor"]
[Result "1-0"]
[ECO "A13"]
[WhiteElo "2289"]
[BlackElo "2123"]
[Annotator "TA"]
[PlyCount "69"]
[EventDate "2024.02.25"]
[EventType "tourn"]
[EventCountry "HUN"]
[SourceTitle "playchess.com"]
[Source "ChessBase"]
[SourceQuality "1"]
[TimeControl "5400+30"]

1. c4 e6 2. g3 Nf6 3. Bg2 d5 4. Nf3 dxc4 5. Qa4+ Nbd7 6. Qxc4 a6 7. Qc2 c5 8. Nc3 Rb8 9. d4 Bd6 (9... b5 $11 {keeps the balance.}) 10. dxc5 $16 {[%emt 0:10:24] White is more active.} Nxc5 {[%emt 0:01:26] [#]} (10... Bxc5 $16 11. Bf4 Ra8) 11. O-O $1 $18 {[%emt 0:00:15] Hoping for Rd1.} Qc7 {[%emt 0:10:48] [#]} 12. Rd1 $1 b5 {[%emt 0:03:30] [#]} (12... Ncd7 $16 13. Qd3 Be7) 13. Rxd6 $1 Qxd6 14. Bf4 Qb6 15. Bxb8 (15. Be3 $18 {aiming for b4.} a5 16. Ng5) 15... Qxb8 $16 16. Rc1 O-O {[%emt 0:05:35] [#]} 17. Nxb5 $1 Nce4 (17... Ncd7 18. Nbd4) 18. Nc3 Nxf2 19. Kxf2 $18 {[%emt 0:01:32][%cal Bg1f2,Bf2e1,Be1f1][%mdl 32] Kg1 is the strong threat.} Ng4+ 20. Ke1 {[%emt 0:00:06] And now Nd1 would win.} Qb6 $2 (20... Ne3 21. Qd2 Ng4 22. Nd1 $18) (20... Nxh2 21. Ne4 (21. Nxh2 Qxg3+ 22. Kf1 Qxh2 $18) 21... Bb7) 21. Ne4 {[%emt 0:01:58] Threatens to win with Qxc8.} Bb7 22. Nc5 Bd5 (22... Ne3 23. Qb3 Qa5+ 24. Qc3 (24. Kf2 Ng4+ 25. Kg1 Bd5 $18) 24... Nxg2+ 25. Kf2) 23. Qc3 e5 (23... Rc8 {keeps fighting.} 24. Kf1 Bxa2) 24. h3 Nf6 25. Kf1 ({Don't take} 25. Qxe5 Re8 26. Qd4 Bxa2 $18) 25... e4 26. Ng5 Rc8 27. h4 (27. Ngxe4 Bxe4 28. Qd4 Re8 $11) 27... Ng4 $2 (27... Qb8 {was called for.} 28. Qd2 (28. Bxe4 Bxe4 29. Qb3 Qa7 $11) 28... Re8) 28. Bxe4 h6 29. Bxd5 hxg5 30. Bf3 Nh6 (30... Nh2+ $142 31. Kf2 gxh4 32. gxh4 Nxf3) 31. hxg5 {[%emt 0:00:56] White is clearly winning.} Nf5 32. Bg4 Qg6 33. e4 Nxg3+ 34. Qxg3 Qxg5 35. Rc3 {[%emt 0:01:08] Weighted Error Value: White=0.36/Black=0.58.  Mistake:       	White=1     	Black=7      OK:         	White=9     	Black=8      Best:        	White=2     	Black=2      Strong:       	White=2     	---        Brilliant:      	White=1     	---} 1-0